 Dungeon Crawl Stone Soup version 0.23.2-40-g277498a001 (webtiles) character file.

Game seed: 15986475336546907703

1430 GreyFruit the Gusty (level 8, 0/42 HPs)
             Began as a Tengu Air Elementalist on Sept 29, 2019.
             Was a Believer of Sif Muna.
             Slain by a black bear (11 damage)
             ... on level 6 of the Dungeon.
             The game lasted 00:13:44 (5830 turns).

GreyFruit the Gusty (Tengu Air Elementalist)        Turns: 5830, Time: 00:13:45

Health: 0/42       AC:  3    Str:  9    XL:     8   Next: 73%
Magic:  0/20       EV: 13    Int: 17    God:    Sif Muna [**....]
Gold:   34         SH:  0    Dex: 15    Spells: 9/21 levels left

rFire    . . .     SeeInvis .   o - +0 scimitar
rCold    . . .     Gourm    .   (no shield)
rNeg     . . .     Faith    .   a - +0 robe
rPois    .         Spirit   .   (helmet restricted)
rElec    .         Reflect  .   (no cloak)
rCorr    .         Harm     .   p - +0 pair of gloves
MR       .....                  (boots unavailable)
Stlth    ++........             (no amulet)
HPRegen  0.14/turn              (no ring)
MPRegen  0.17/turn              (no ring)

@: no status effects
A: beak, talons 3, able to fly
a: Fly, Divine Energy, Renounce Religion


You were on level 6 of the Dungeon.
You worshipped Sif Muna.
Sif Muna was pleased with you.
You were not hungry.

You visited 1 branch of the dungeon, and saw 6 of its levels.
You also visited: Ossuary.

You collected 452 gold pieces.
You spent 418 gold pieces at shops.

Inventory:

Hand Weapons
 o - a +0 scimitar (weapon)
Armour
 a - a +0 robe (worn)
 p - a +0 pair of gloves (worn)
 v - the +2 pair of gloves of Telanit {rElec MR+++ Str-3 Int-5}
   (You bought it in a shop on level 5 of the Dungeon)

   It affects your strength (-3).
   It affects your intelligence (-5).
   It insulates you from electricity.
   It affects your resistance to hostile enchantments.
 w - the -3 buckler of the Republic {-Tele rPois rC- rCorr}
   (You bought it in a shop on level 5 of the Dungeon)

   It makes you vulnerable to cold.
   It protects you from poison.
   It prevents most forms of teleportation.
   It provides partial protection from all sources of acid and corrosion.
Scrolls
 d - 3 scrolls of random uselessness
 h - 2 scrolls of blinking
 i - a scroll of fear
 r - a scroll of enchant weapon {unknown}
 s - a scroll of noise {unknown}
 x - 2 scrolls of teleportation {unknown}
Potions
 b - 2 potions of heal wounds {unknown}
 e - 2 potions of berserk rage {unknown}
 f - a potion of mutation {unknown}
 g - 4 potions of might
 j - 5 potions of curing {unknown}
 k - 4 potions of haste {unknown}
 l - a potion of lignification {unknown}
 n - a potion of degeneration {unknown}
 q - a potion of agility {unknown}
 t - a potion of flight {unknown}
 u - 2 potions of brilliance {unknown}
Comestibles
 c - 6 rations
 m - 8 chunks of flesh


   Skills:
 + Level 0.8 Fighting
 + Level 1.1 Long Blades
 + Level 2.9 Dodging
 - Level 2.0 Stealth
 * Level 7.3 Spellcasting
 + Level 5.7 Conjurations
 + Level 7.5 Air Magic


You had 9 spell levels left.
You knew the following spells:

 Your Spells              Type           Power        Failure   Level  Hunger
a - Shock                 Conj/Air       ####         1%          1    None
b - Swiftness             Chrm/Air       ###.....     3%          2    None
c - Airstrike             Air            ####......   4%          4    ####...
d - Blink                 Tloc           N/A          17%         2    None
e - Mephitic Cloud        Conj/Pois/Air  ###.....     5%          3    ##.....

Your spell library contained the following spells:

 Spells                   Type           Power        Failure   Level  Hunger
 Magic Dart               Conj           ####         1%          1    None
 Static Discharge         Conj/Air       ####....     2%          3    ##.....
 Animate Skeleton         Necr           N/A          11%         1    None
 Pain                     Necr           #...         11%         1    None
 Conjure Flame            Conj/Fire      ###.....     11%         3    ##.....
 Call Imp                 Summ           #.......     17%         2    None
 Slow                     Hex            #.......     17%         2    None
 Lightning Bolt           Conj/Air       ####......   21%         5    #####..
 Regeneration             Chrm/Necr      #.........   32%         3    ##.....
 Vampiric Draining        Necr           #.........   32%         3    ##.....
 Animate Dead             Necr           N/A          73%         4    ####...


Dungeon Overview and Level Annotations

Branches:
Dungeon (6/15)             Temple (0/1) D:5

Altars:
Ashenzari
Kikubaaqudgha
Sif Muna
Wu Jian

Shops:
D:5 *[[%   D:6 ?


Innate Abilities, Weirdness & Mutations

You have a beak for a mouth.
You have claws for feet.
You can fly continuously.


Message History

Press: ? - help, Shift-Dir - straight line, f/p - black bear
Aim: a black bear (heavily wounded)
The zap hits the black bear.
The black bear is severely wounded.
The black bear completely misses you.
You riposte.
You hit the black bear but do no damage.
You peck the black bear.
The black bear is severely wounded.
The black bear claws you.
* * * LOW HITPOINT WARNING * * *
The black bear barely misses you.
Casting: Shock (safe; 1% risk of failure)
Confirm with . or Enter, or press ? or * to list all spells.
Aiming: Shock (safe; 1% risk of failure)
Press: ? - help, Shift-Dir - straight line, f/p - black bear
Aim: a black bear (severely wounded)
The zap misses the black bear.
The black bear goes berserk!
As you read the scroll of fear, it crumbles to dust.
You assume a fearsome visage.
The black bear bites you!
You die...

#.#.# ###.#
#[#.# .#
#.#.######..
[.
#...........
.##
#...####.#.#
.#
#..........#
>#
#.#...##.....
..
#.###.%.......
## #@h÷####.##
#.....#
#.###..?.. #.
.###.# #. .#
#. .# ## ##


You could see a black bear (berserk).

Vanquished Creatures
  Grinder (D:5)
  Eustachio (D:5)
  Menkaure (D:6)
  A black bear (D:6)
  A sky beast (D:5)
  2 ogres
  A bullfrog (D:6)
  A scorpion (D:4)
  A howler monkey (D:5)
  A bullfrog zombie (D:6)
  An orc priest (D:4)
  2 hounds
  A jelly (D:6)
  An orc wizard (D:4)
  A bullfrog skeleton (D:3)
  2 worker ants (D:4)
  A hound zombie (D:5)
  8 mummies (Ossuary)
  5 adders
  A shadow imp (D:5)
  An adder skeleton (D:4)
  2 worms
  2 dart slugs (D:4)
  2 leopard geckos
  8 orcs
  3 ball pythons
  6 bats
  2 giant cockroaches
  5 goblins
  3 hobgoblins
  3 quokkas
  6 frilled lizards
  A hobgoblin zombie (Ossuary)
  5 kobolds
  2 kobold zombies (Ossuary)
  5 orc zombies (Ossuary)
  5 rats
95 creatures vanquished.

Notes
Turn   | Place    | Note
-------+----------+-------------------------------------------
     0 | D:1      | GreyFruit the Tengu Air Elementalist began the quest for
                  | the Orb.
     0 | D:1      | Reached XP level 1. HP: 10/10 MP: 4/4
   202 | D:1      | Reached XP level 2. HP: 15/15 MP: 1/6
   995 | D:2      | Reached skill level 5 in Air Magic
   995 | D:2      | Reached XP level 3. HP: 19/19 MP: 0/7
  1547 | D:3      | Reached XP level 4. HP: 12/24 MP: 1/9
  1775 | D:3      | Found an ornate altar of the Wu Jian Council.
  2065 | D:3      | Found a deep blue altar of Sif Muna.
  2075 | D:3      | Became a worshipper of Sif Muna the Loreminder
  2226 | D:3      | Learned a level 2 spell: Swiftness
  2231 | D:3      | Learned a level 4 spell: Airstrike
  2333 | D:4      | Gained mutation: You can fly continuously. [Tengu growth]
  2333 | D:4      | Reached XP level 5. HP: 26/28 MP: 0/10
  2437 | D:4      | HP: 1/28 [poisoned by a worker ant]
  2801 | D:4      | Noticed an ogre
  2921 | D:4      | Reached XP level 6. HP: 14/32 MP: 1/13
  3311 | D:4      | Reached * piety under Sif Muna
  3386 | D:4      | Found a shattered altar of Ashenzari.
  3942 | D:5      | Entered Level 5 of the Dungeon
  3942 | D:5      | Found Mouwicen's Antique Armour Shop.
  4026 | D:5      | Learned a level 2 spell: Blink
  4030 | D:5      | Learned a level 3 spell: Mephitic Cloud
  4038 | D:5      | Found Kom Omug's Food Boutique.
  4046 | D:5      | Noticed a sky beast
  4050 | D:5      | Killed a sky beast
  4050 | D:5      | Reached skill level 5 in Spellcasting
  4050 | D:5      | Reached XP level 7. HP: 37/37 MP: 6/15
  4125 | D:5      | Found a staircase to the Ecumenical Temple.
  4141 | D:5      | Found a sand-covered staircase.
  4146 | Ossuary  | Entered an ossuary
  4891 | D:5      | Found an ancient bone altar of Kikubaaqudgha.
  4906 | D:5      | Found Jeboaguu's General Store.
  4960 | D:5      | Found Nysseal's Antique Armour Emporium.
  4995 | D:5      | Bought a pair of pitted gloves for 209 gold pieces
  4995 | D:5      | Bought a polished buckler for 209 gold pieces
  5005 | D:5      | Identified the +2 pair of gloves of Telanit {rElec MR+++
                  | Str-3 Int-5} (You bought it in a shop on level 5 of the
                  | Dungeon)
  5020 | D:5      | Identified the cursed -3 buckler of the Republic {-Tele
                  | rPois rC- rCorr} (You bought it in a shop on level 5 of the
                  | Dungeon)
  5082 | D:5      | Noticed Eustachio
  5091 | D:5      | Killed Eustachio
  5091 | D:5      | Reached ** piety under Sif Muna
  5166 | D:5      | Noticed Grinder
  5187 | D:5      | Killed Grinder
  5187 | D:5      | Reached skill level 1 in Long Blades
  5187 | D:5      | Reached skill level 5 in Conjurations
  5187 | D:5      | Reached XP level 8. HP: 33/42 MP: 4/18
  5707 | D:6      | Found Owofejy's Magic Scroll Shop.
  5800 | D:6      | Noticed Menkaure
  5806 | D:6      | Killed Menkaure
  5830 | D:6      | Slain by a black bear

Skill      XL: |  1  2  3  4  5  6  7  8 |
---------------+-------------------------+-----
Air Magic      | 5 6 7 |  7.5
Conjurations   | 2 3 4 5 |  5.7
Spellcasting   | 3 4 5 6 7 |  7.3
Long Blades    | 1 |  1.1
Fighting       | |  0.8
Dodging        | |  2.9
Stealth        | |  2.0

Action                   |  1- 3 |  4- 6 |  7- 9 || total
-------------------------+-------+-------+-------++-------
Melee: Short sword       |    14 |       |       ||    14
       Kick              |     3 |     1 |     1 ||     5
       Peck              |     1 |       |     3 ||     4
       Falchion          |       |     1 |       ||     1
       Scimitar          |       |       |     8 ||     8
 Cast: Shock             |    59 |   104 |   127 ||   290
       Airstrike         |       |     1 |     3 ||     4
  Use: Scroll            |       |     9 |     2 ||    11
  Eat: Chunk             |     3 |     3 |     3 ||     9
       Ration            |       |     1 |     1 ||     2
Armor: Robe              |     2 |     3 |     4 ||     9
Dodge: Dodged            |    16 |    20 |    14 ||    50
       Rpst.: Falchion   |       |     3 |       ||     3
       Scimitar          |       |     2 |     5 ||     7
